 Dungeon Crawl Stone Soup version 0.30.0-5-g1a98f26d00 (webtiles) character file.

Game seed: 1990379797534537923

8474 javelincjr the Conjurer (level 11, -10/79 HPs)
             Began as a Demonspawn Fire Elementalist on May 12, 2023.
             Was a Priest of Sif Muna.
             Killed from afar by an efreet (17 damage)
             ... with a bolt of fire
             ... on level 10 of the Dungeon on May 13, 2023.
             The game lasted 01:28:03 (11135 turns).

javelincjr the Conjurer (DsFE)                     Turns: 11135, Time: 01:28:07

Health: -10/79     AC: 12    Str:  8    XL:     11   Next: 10%
Magic:  0/29       EV: 34    Int: 21    God:    Sif Muna [***...]
Gold:   835        SH:  6    Dex: 17    Spells: 17/23 levels left

rFire   . . .        H - +0 flail of Fimbulwinter {flame, +Blink MP+9 Dex+3}
rCold   . . .        (no shield)
rNeg    + . .        i - +0 troll leather armour {Pargi}
rPois   .            g - +0 helmet
rElec   .            u - +0 cloak
rCorr   .            k - +1 pair of gloves
SInv    .            D - +2 pair of boots
Will    .....        p - amulet of the acrobat
Stlth   +++          r - ring of positive energy
HPRegen 1.13/turn    a - +5 ring of evasion
MPRegen 0.21/turn

%: acrobat
@: acrobatic, studying Stealth
A: claws 2, large bone plates 2, demonic guardian 1, powered by death 2
a: Renounce Religion, Evoke Blink, Channel Magic, Forget Spell


You were on level 10 of the Dungeon.
You worshipped Sif Muna.
Sif Muna was most pleased with you.
You visited 2 branches of the dungeon, and saw 9 of its levels.
You also visited: Sewer and Bailey.

You collected 835 gold pieces.

Inventory:

Hand Weapons
 d - a +1 flail of venom
 l - a +2 flail of protection
 x - a +1 halberd of protection
 G - a +0 vampiric spear
 H - the +0 flail of Fimbulwinter (weapon) {flame, +Blink MP+9 Dex+3}
   (You found it in a bailey)

   Dex:       It affects your dexterity (+3).
   MP:        It affects your magic capacity (+9).
   +Blink:    It lets you blink.
 K - the +5 whip "Fasis" {freeze, rCorr}
   (You found it in a bailey)

   rCorr:     It protects you from acid and corrosion.
 L - a +4 halberd
Missiles
 y - 3 throwing nets
Armour
 g - a +0 helmet (worn)
 i - a +0 troll leather armour (worn) {Pargi}
 k - a +1 pair of gloves (worn)
 u - a +0 cloak (worn)
 D - a +2 pair of boots (worn)
 J - the +1 robe of Mezcal {rElec Str+3 Dex+5}
   (You found it in a bailey)

   Str:       It affects your strength (+3).
   Dex:       It affects your dexterity (+5).
   rElec:     It insulates you from electricity.
 Q - a +3 scale mail
Jewellery
 a - a +5 ring of evasion (right hand)
 p - an amulet of the acrobat (around neck)
 r - a ring of positive energy (left hand)
 w - a ring of see invisible
 A - a ring of poison resistance
Wands
 n - a wand of polymorph (7)
 t - a wand of flame (16)
 N - a wand of iceblast (8)
 O - a wand of digging (7)
Scrolls
 f - 3 scrolls of enchant weapon
 o - 4 scrolls of poison
 z - a scroll of magic mapping
 E - a scroll of teleportation
 F - a scroll of fear {unknown}
 I - 2 scrolls of blinking {unknown}
 M - a scroll of vulnerability {unknown}
 P - a scroll of identify
 R - a scroll of silence {unknown}
Potions
 b - a potion of magic
 c - 4 potions of brilliance
 e - 4 potions of flight
 h - 2 potions of might
 j - 3 potions of berserk rage
 m - a potion of attraction {unknown}
 q - a potion of heal wounds
 s - 2 potions of haste {unknown}
 v - 4 potions of curing
 B - 2 potions of degeneration {unknown}
 C - a potion of ambrosia {unknown}


   Skills:
 + Level 5.0 Fighting
 + Level 3.1 Maces & Flails
 + Level 4.4 Armour
 + Level 6.5 Dodging
 - Level 6.4 Stealth
 + Level 6.5 Spellcasting
 + Level 6.8 Conjurations
 + Level 6.8 Fire Magic
 + Level 6.6 Invocations


You had 17 spell levels left.
You knew the following spells:

 Your Spells              Type           Power      Damage    Failure   Level
a - Foxfire               Conj/Fire      100%       2x1d9     1%          1
b - Scorch                Fire           70%        2d8       1%          2
c - Stone Arrow           Conj/Erth      42%        3d9       10%         3

Your spell library contained the following spells:

 Spells                   Type           Power      Damage    Failure   Level
 Magic Dart               Conj           100%       1d8       1%          1
 Static Discharge         Conj/Air       42%        2-4/arc   4%          2
 Flame Wave               Conj/Fire      35%        2d10      8%          4
 Dazzling Flash           Conj/Hex       42%        N/A       10%         3
 Inner Flame              Hex/Fire       21%        N/A       10%         3
 Volatile Blastmotes      Fire/Tloc      42%        2d13      10%         3
 Sandblast                Erth           12%        2d6       13%         1
 Mephitic Cloud           Conj/Pois/Air  16%        N/A       14%         3
 Call Imp                 Summ           12%        N/A       19%         2
 Passwall                 Tmut/Erth      5%         N/A       19%         2
 Airstrike                Air            3%         2d(1-17)  77%         4
 Summon Lightning Spire   Summ/Air       6%         N/A       77%         4
 Agony                    Necr           6%         N/A       98%         5
 Silence                  Hex/Air        3%         N/A       98%         5


Dungeon Overview and Level Annotations

Branches:
Dungeon (7/15)             Temple (1/1) D:4            Lair (0/5) D:10
  Sewer (visited)          Bailey (visited)

Altars:
Ashenzari
Cheibriados
Dithmenos
Fedhas
Gozag
Hepliaklqana
Kikubaaqudgha
Nemelex Xobeh
Okawaru
Qazlal
Ru
Sif Muna
Uskayaw
Vehumet
Wu Jian
Xom
Yredelemnul

Shops:
D:1 =[([(


Innate Abilities, Weirdness & Mutations

You have very sharp fingernails.
You are mostly covered in large bone plates. (SH +6)
A weak demonic guardian rushes to your aid.
You regenerate health from kills.


Message History

The efreet gestures at you.
The fireball explodes!
The fireball engulfs you!
The fireball engulfs the efreet.
The efreet completely resists.
You hear a bellow!
You hear a shout! x2
You hit the efreet.
The efreet is severely wounded.
The efreet closely misses you.
You hit the efreet.
The efreet is severely wounded.
The efreet gestures at you.
The fireball explodes!
The fireball engulfs you!!
The fireball engulfs the efreet.
The efreet completely resists.
The efreet hits you with a +2 scimitar of flaming!
The efreet burns you.
* * * LOW HITPOINT WARNING * * *
You hear a shout!
You barely miss the efreet.
The efreet is severely wounded.
The efreet gestures at you.
The fireball explodes!
The fireball engulfs you!!
* * * LOW HITPOINT WARNING * * *
A demonic guardian appears!
The fireball engulfs the efreet.
The efreet completely resists.
You hear a bellow!
Casting: Stone Arrow (dangerous; 10% risk of failure)
Confirm with . or Enter, or press ? or * to list all spells.
Aiming: Stone Arrow (dangerous; 10% risk of failure)
Press: ? - help, Shift-Dir - straight line, f/p - efreet
Aim: an efreet, wielding a +2 scimitar of flaming (severely wounded, not watching you, ally target, 90% to hit)
The stone arrow hits the efreet.
The efreet is almost dead.
You block the efreet's attack.
You swap places.
The efreet gestures at you. The bolt of fire hits your white imp!
Your white imp is burned terribly!
Your white imp dies!
Your white imp disappears in a puff of smoke!
The bolt of fire hits you!
You die...

..##.# ## #.##.# ##..
..##.# ..#.. #.##.#
.#...#..##.#
..#...#.##.#
#####...#R.##.#
##).####..#§##.#
###.†...####.@##.#
###..#)#....####.#.#
##....#...#....##.#.#
......#.#(..#...)##.#
......#...#...)####.#
......#.#....######.#
......#....####..##.#
......#..####...###.#
##....#####...##.##.#


You could see an efreet.

Vanquished Creatures
  Josephine (D:10)
  Joseph (D:10)
  A rime drake (D:10)
  A komodo dragon (D:10)
  A polar bear (D:10)
  Grinder (D:4)
  5 wraiths (D:10)
  Eustachio (D:4)
  7 vampire mosquitoes (D:10)
  A steam dragon (D:7)
  Grum (D:10)
  Edmund (D:5)
  2 water moccasins
  3 orc warriors (D:10)
  Pargi (D:4)
  5 ice beasts (D:10)
  2 sky beasts
  2 centaurs
  An ogre (D:6)
  2 phantoms
  6 wolves
  Blork the orc (D:4)
  7 gnoll sergeants (Bailey)
  2 scorpions
  5 wights
  6 gnoll boudas
  3 hounds
  5 orc priests
  A jelly (D:6)
  Ijyb (D:4)
  2 iguanas
  2 sleepcaps
  Terence (D:2)
  8 orc wizards
  Natasha (twice) (D:3)
  21 gnolls
  9 adders
  A river rat (D:5)
  A shadow imp (D:6)
  3 white imps
  A worm (D:6)
  A dart slug (D:4)
  33 orcs
  4 ball pythons
  2 bats
  8 endoplasms
  4 giant cockroaches
  8 goblins
  4 hobgoblins
  6 quokkas
  9 frilled lizards
  8 kobolds
  6 rats
221 creatures vanquished.

Vanquished Creatures (collateral kills)
  A wolf (Bailey)
  2 gnoll sergeants (Bailey)
  A gnoll (D:6)
  A shadow imp (D:7)
  A foxfire (Bailey)
6 creatures vanquished.

Vanquished Creatures (others)
  An ice beast (D:7)
  763 foxfires
764 creatures vanquished.

Grand Total: 991 creatures vanquished

Notes
Turn   | Place    | Note
-------+----------+-------------------------------------------
     0 | D:1      | javelincjr the Demonspawn Fire Elementalist began the quest
                  | for the Orb.
     0 | D:1      | Reached XP level 1. HP: 13/13 MP: 3/3
   212 | D:1      | Found Ukeidgh's Armour Boutique.
   215 | D:1      | Found Juasil's Weapon Shop.
   225 | D:1      | Gained mutation: You are partially covered in large bone
                  | plates. (SH +4) [demonic ancestry]
   225 | D:1      | Reached XP level 2. HP: 16/19 MP: 0/5
   494 | D:1      | Found Sirgha's Weapon Boutique.
   553 | D:1      | Found Wizyasas's Antique Armour Boutique.
   622 | D:1      | Found Duyblau's Jewellery Shop.
   962 | D:2      | Gained mutation: You have sharp fingernails. [demonic
                  | ancestry]
   962 | D:2      | Reached XP level 3. HP: 21/24 MP: 1/6
  1010 | D:2      | Noticed Terence
  1043 | D:1      | Learned a level 2 spell: Scorch
  1083 | D:2      | Killed Terence
  1180 | D:2      | Gained mutation: You regenerate a little health from kills.
                  | [demonic ancestry]
  1180 | D:2      | Reached XP level 4. HP: 15/30 MP: 1/7
  1417 | D:2      | Reached XP level 5. HP: 7/35 MP: 9/9
  2286 | D:3      | Found a faded altar of an unknown god.
  2316 | D:3      | Gained mutation: A weak demonic guardian rushes to your
                  | aid. [demonic ancestry]
  2316 | D:3      | Reached XP level 6. HP: 21/41 MP: 0/10
  2536 | D:3      | Found a stormy altar of Qazlal.
  2536 | D:3      | Noticed a sky beast
  2544 | D:3      | Killed a sky beast
  2893 | D:3      | Noticed Natasha
  2901 | D:3      | Killed Natasha
  2993 | D:3      | Found a hazy altar of Hepliaklqana.
  3322 | D:3      | Noticed Natasha
  3327 | D:3      | Killed Natasha
  3512 | D:4      | Noticed Eustachio
  3517 | D:4      | Killed Eustachio
  3518 | D:4      | Reached skill level 5 in Stealth
  3518 | D:4      | Gained mutation: You regenerate health from kills. [demonic
                  | ancestry]
  3518 | D:4      | Reached XP level 7. HP: 39/46 MP: 3/12
  4058 | D:4      | Found a staircase to the Ecumenical Temple.
  4073 | Temple   | Entered the Ecumenical Temple
  4078 | Temple   | Became a worshipper of Sif Muna the Loreminder
  4287 | D:4      | Noticed Grinder
  4296 | D:4      | Killed Grinder
  4429 | D:4      | Found a shimmering altar of Xom.
  4458 | D:4      | Noticed Blork the orc
  4466 | D:4      | Killed Blork the orc
  4530 | D:4      | Noticed Ijyb
  4542 | D:4      | Killed Ijyb
  4734 | D:4      | Gained mutation: You have very sharp fingernails. [demonic
                  | ancestry]
  4734 | D:4      | Reached XP level 8. HP: 52/52 MP: 9/14
  4795 | D:4      | Identified the +8 chain mail of the Heron {-Cast rPois rN++
                  | Will- Dex+2}
  4957 | D:4      | Noticed Pargi
  4962 | D:4      | Killed Pargi
  5166 | D:5      | Entered Level 5 of the Dungeon
  5180 | D:5      | Found an opulent altar of Gozag.
  5211 | D:5      | Noticed Edmund
  5243 | D:5      | Killed Edmund
  5404 | D:5      | Found a glowing drain.
  5413 | Sewer    | Entered a sewer
  5561 | Sewer    | Reached skill level 1 in Invocations
  5705 | D:5      | Reached skill level 5 in Fire Magic
  5712 | D:5      | Reached skill level 1 in Fighting
  5744 | D:5      | Reached skill level 1 in Armour
  6006 | D:5      | Reached * piety under Sif Muna
  6962 | D:6      | Found a snail-covered altar of Cheibriados.
  7448 | D:6      | Reached skill level 5 in Conjurations
  7797 | D:7      | Gained mutation: You are mostly covered in large bone
                  | plates. (SH +6) [demonic ancestry]
  7797 | D:7      | Reached XP level 9. HP: 13/61 MP: 9/16
  7814 | D:7      | Found a sacrificial altar of Ru.
  7845 | D:7      | Reached skill level 5 in Dodging
  7845 | D:7      | Reached skill level 5 in Spellcasting
  7905 | D:7      | Reached ** piety under Sif Muna
  7965 | D:7      | Found a flagged portal.
  7974 | Bailey   | Entered a bailey
  8812 | Bailey   | Identified the +0 flail of Fimbulwinter {flame, +Blink MP+9
                  | Dex+3}
  9185 | Bailey   | Identified the +1 robe of Mezcal {rElec Str+3 Dex+5}
  9187 | Bailey   | Identified the +5 whip "Fasis" {freeze, rCorr}
  9581 | D:7      | You fall into a shaft and drop 3 floors!
  9581 | D:10     | Entered Level 10 of the Dungeon
  9655 | D:10     | Noticed a rime drake
  9656 | D:10     | Reached XP level 10. HP: 70/70 MP: 18/18
  9753 | D:10     | Learned a level 3 spell: Stone Arrow
  9775 | D:10     | Reached skill level 1 in Maces & Flails
  9775 | D:10     | Reached skill level 5 in Invocations
  9826 | D:10     | Noticed Josephine
  9898 | D:10     | Killed Josephine
  9898 | D:10     | Reached *** piety under Sif Muna
 10063 | D:10     | Noticed Joseph
 10076 | D:10     | Killed Joseph
 10317 | D:10     | Noticed Grum
 10323 | D:10     | Killed Grum
 10691 | D:10     | Reached XP level 11. HP: 57/78 MP: 14/20
 10813 | D:10     | Found a staircase to the Lair.
 11124 | D:10     | Reached skill level 5 in Fighting
 11135 | D:10     | Killed from afar by an efreet

Illustrated notes

Levels and vault maps discovered:
D:1:      dpeg_arrival_tiny_a, layout_rooms, serial_shops, shop, shop,
          nicolae_shop_tiny_waterfront, shop, shop
D:2:      layout_basic, kennysheep_generic_room_9, uniq_terence
D:3:      layout_basic, nicolae_qazlal_beasts_of_the_sky,
          mainiacjoe_overflow_surrounded_room,
          dreamdust_ecumenical_altar_statues, minmay_misc_feat_nine_boxes,
          uniq_natasha
D:4:      layout_loops_corners, lemuel_crystal_altar,
          minmay_temple_entry_statues_fountains, hangedman_decor_push,
          uniq_eustachio, uniq_pargi, uniq_ijyb, uniq_blork_the_orc,
          uniq_grinder
D:5:      layout_rooms, grunt_gozag_breadcrumbs, gup_sewer_entry_bubbles,
          uniq_edmund
D:6:      layout_cave_pools, slow_altar_1
D:7:      layout_basic, marbit_many_paths, enter_bailey_2
D:10:     minmay_the_grid_triangle_9x9_rhombus_full
          [minmay_the_grid_triangle_9x9_empty,
          minmay_the_grid_triangle_9x9_skeleton,
          minmay_the_grid_triangle_9x9_swiss_cheese,
          minmay_the_grid_triangle_9x9_negative_grid,
          minmay_the_grid_triangle_9x9_zippers_horizontal,
          minmay_the_grid_triangle_9x9_empty,
          minmay_the_grid_triangle_9x9_minimal,
          minmay_the_grid_triangle_9x9_prize_insulated], layout_rooms,
          hellmonk_lair_entry_icy, uniq_josephine, uniq_grum, uniq_joseph
Temple:   nicolae_temple_ecumenical_triangle

Skill      XL: |  1  2  3  4  5  6  7  8  9 10 11 |
---------------+----------------------------------+-----
Stealth        | 2 3 4 5 6 |  6.4
Dodging        | 2 3 4 5 6 |  6.5
Fire Magic     | 3 4 5 6 |  6.8
Conjurations   | 2 3 4 5 6 |  6.8
Spellcasting   | 3 4 5 6 |  6.5
Invocations    | 3 4 6 |  6.6
Fighting       | 2 3 4 5 |  5.0
Armour         | 1 3 4 |  4.4
Maces & Flails | 2 3 |  3.1

Action                     |  1- 3 |  4- 6 |  7- 9 | 10-12 || total
---------------------------+-------+-------+-------+-------++-------
  Melee: Unarmed           |    20 |       |       |       ||    20
         Dagger            |     2 |       |       |       ||     2
         Flail             |     3 |    39 |   156 |   110 ||   308
         Punch             |       |       |       |     4 ||     4
   Cast: Foxfire           |    56 |    98 |   241 |    45 ||   440
         Scorch            |     3 |     9 |   142 |    86 ||   240
         Stone Arrow       |       |       |       |    19 ||    19
 Invoke: Channel Magic     |       |       |     2 |       ||     2
    Use: Potion            |     1 |       |     2 |     3 ||     6
         Scroll            |       |       |    11 |     1 ||    12
   Stab: Sleeping          |       |     1 |     4 |       ||     5
 Armour: Robe              |     5 |     7 |     2 |       ||    14
         Troll leather arm |       |       |    77 |    70 ||   147
  Dodge: Dodged            |    23 |    35 |   329 |   301 ||   688
  Block: Other             |     1 |    12 |   118 |    93 ||   224
